AoeStats
← Teejay Gatsby

African Clearing

504933182Analyzed
4v4 RM · 23d ago on Sep 7, 2026· 24m 26s· 8 players
Game mode
Random Map
Map size
Large (8 player)
Population
200
Speed
Normal
Resources
Standard
Victory
Conquest
Starting age
Dark Age
Ending age
Imperial Age
RankedLock teamsTeams togetherTeam positionsShared explorationLock speedFull tech treeHidden civsTurbo modeCheats
Victory
Defeat
🇺🇸 Magyars · United States
1526
+13
🇺🇸 Mongols · United States
1504
+14
🇺🇸 Huns · United States
1502
+14
🇺🇸 Italians · United States
1488
+14
🇦🇷 Wei · Argentina
1587
-19
🇲🇽 Berbers · Mexico
1458
-14
🇲🇽 Franks · Mexico
1405
-12
🇰🇷 Inca · South Korea
1372
-10
pNaStY- oG.
3:09 Loom
12:41 Feudal Age
13:12 Double-Bit Axe
15:09 Horse Collar
16:28 Scale Barding Armor
25:55 Castle Age
Teejay Gatsby
4:34 Loom
12:45 Feudal Age
16:46 Castle Age
15:09 Double-Bit Axe
16:16 Fletching
18:07 Bodkin Arrow
22:38 Padded Archer Armor
Vingtor
9:13 Loom
11:29 Feudal Age
12:44 Double-Bit Axe
15:31 Forging
16:13 Scale Barding Armor
16:16 Horse Collar
20:37 Bloodlines
machpatel
5:11 Loom
20:06 Feudal Age
24:10 Castle Age
JR | cristopher7gc
5:26 Loom
12:02 Feudal Age
13:50 Double-Bit Axe
15:57 Fletching
24:27 Castle Age
VL Ferdinand
4:30 Loom
12:05 Feudal Age
12:35 Double-Bit Axe
18:49 Scale Barding Armor
22:50 Forging
23:44 Scale Mail Armor
jetty8282-한국인
9:13 Loom
14:33 Feudal Age
15:17 Feudal Age
中國香港玩家
9:38 Loom
11:46 Feudal Age
11:55 Loom
12:17 Double-Bit Axe
12:43 Horse Collar
20:48 Gold Mining
21:24 Stone Mining
23:35 Wheelbarrow
Connection lost

Rejoining the realm…

Still unreachable

The connection could not be restored.

Session expired

The server has moved on; the page needs a fresh start.